 Dungeon Crawl Stone Soup version 0.29.1-2-gbd0b4ee654 (webtiles) character file.

Game seed: 14506171718832169452

7 Jango the Chiller (level 1, -2/13 HPs)
             Began as a Vampire Ice Elementalist on Oct 25, 2022.
             Slain by a gnoll
             ... wielding a +0 club
              (8 damage)
             ... on level 1 of the Dungeon.
             The game lasted 00:07:22 (348 turns).

Jango the Chiller (Vampire Ice Elementalist)         Turns: 348, Time: 00:07:25

Health: -2/13      AC:  3    Str:  7    XL:     1   Next: 91%
Magic:  3/3        EV: 11    Int: 17    God:
Gold:   27         SH:  0    Dex: 14    Spells: 3/4 levels left

rFire   . . .      SeeInvis +   (no weapon)
rCold   . . .      Faith    .   (no shield)
rNeg    . . .      Spirit   .   c - +0 leather armour
rPois   .          Reflect  .   (no helmet)
rElec   .          Harm     .   (no cloak)
rCorr   .          Rampage  .   (no gloves)
Will    .....                   (no boots)
Stlth   ++........              (no amulet)
HPRegen 0.24/turn               (no ring)
MPRegen 0.08/turn               (no ring)

@: healing quickly
A: alive, fangs 3, see invisible, vampiric 1
a: Exsanguinate


You were on level 1 of the Dungeon.
You visited 1 branch of the dungeon, and saw 1 of its levels.

You collected 27 gold pieces.

Inventory:

Armour
 a - a +0 robe
 c - a +0 leather armour (worn)
Scrolls
 d - a scroll of identify
Potions
 b - a potion of magic


   Skills:
 + Level 0.1 Armour
 + Level 2.2 Dodging
 + Level 3.0 Stealth
 + Level 2.1 Spellcasting
 + Level 4.3 Ice Magic


You had 3 spell levels left.
You knew the following spells:

 Your Spells              Type           Power      Damage    Failure   Level
a - Freeze                Ice            64%        1d8       4%          1

Your spell library contained the following spells:

 Spells                   Type           Power      Damage    Failure   Level
 Frozen Ramparts          Ice            32%        1d5       14%         3
 Ozocubu's Armour         Ice            16%        N/A       14%         3
 Sublimation of Blood     Necr           1%         N/A       38%         2
 Wereblood                Tmut           1%         N/A       38%         2
 Hailstorm                Conj/Ice       9%         3d4       75%         4
 Summon Hydra             Summ           0%         N/A       100%        7


Dungeon Overview and Level Annotations

Branches:
Dungeon (1/15)

Altars:


Innate Abilities, Weirdness & Mutations

Your natural rate of healing is accelerated.
You have razor-sharp teeth.
You have supernaturally acute eyesight. (SInv)
You are afflicted with vampirism.


Message History

The rat barely misses you. The rat bites you. The rat attacks as you move away!
The rat bites you but does no damage. The rat misses you.
The rat attacks as you move away! The rat barely misses you.
Aiming: Freeze (safe; 4% risk of failure)
Press: ? - help, Q - select action Shift-Dir - straight line, f - rat
Aim: a rat You freeze the rat.
You kill the rat!
d - a scroll of identify
Aiming: Freeze (safe; 4% risk of failure)
Press: ? - help, Q - select action Shift-Dir - straight line
Okay, then.
There are no items here.
You start resting.
Magic restored.
You start waiting.
Done waiting.
The gnoll shouts!
You hear an angry hiss.
The endoplasm quivers.
A ball python comes into view.
Aiming: Freeze (safe; 4% risk of failure)
Press: ? - help, Q - select action Shift-Dir - straight line, f - you
Okay, then.
Okay, then.
Okay, then.
You begin bloodletting.
You continue bloodletting. x2
The gnoll hits you with a +0 club!
Keep bloodletting? [Y]es or [N]o only, please.
Keep bloodletting?
Uppercase [Y]es or [N]o only, please.
Keep bloodletting?
Ouch! That really hurt!
You continue bloodletting.
The endoplasm jiggles.
The gnoll hits you with a +0 club!
Ouch! That really hurt!
You die...

..... #...# #..... #...#
#.....####...#
.........#...##########
.......................
..........#.....########
..........#.............
.....................###
.......@......#.........
......Jg.######.####.###
##.###.#.######.####.###
# .S.#.#.............#
#.#.###.#.............#
... #..#.............#
#.#. ##.#......._.....#
?. .. #.#.............#
#.#.#.............#


You could see a gnoll, an endoplasm and a ball python.

Vanquished Creatures
  A bat (D:1)
  2 endoplasms (D:1)
  A hobgoblin (D:1)
  A quokka (D:1)
  A rat (D:1)
6 creatures vanquished.

Notes
Turn   | Place    | Note
-------+----------+-------------------------------------------
     0 | D:1      | Jango the Vampire Ice Elementalist began the quest for the
                  | Orb.
     0 | D:1      | Reached XP level 1. HP: 13/13 MP: 3/3
    81 | D:1      | Found a faded altar of an unknown god.
   348 | D:1      | Slain by a gnoll

Illustrated notes

Levels and vault maps discovered:
D:1:      ncdulo_smallfort, layout_basic, basic_ecumenical_altar,
          minmay_misc_feat_tiny, eino_curves_03, minmay_indecisive_spiral

Action                   || total
-------------------------++-------
Melee: Unarmed           ||     3
 Cast: Freeze            ||    11
 Abil: Exsanguinate      ||     1
  Use: Scroll            ||     1
Armor: Leather armour    ||     5
Dodge: Dodged            ||     9
